 Dungeon Crawl Stone Soup version 0.29-a0-330-g52719c12eb (webtiles) character file.

Game seed: 3114276968113777360

402 HoaS the Quickloader (level 7, 0/40 HPs)
             Began as a Kobold Hunter on May 21, 2022.
             Succumbed to an orc wizard's poison
             ... on level 4 of the Dungeon.
             The game lasted 00:08:12 (3677 turns).

HoaS the Quickloader (Kobold Hunter)                Turns: 3677, Time: 00:08:12

Health: 0/40       AC:  7    Str:  9    XL:     7   Next: 11%
Magic:  6/7        EV: 18    Int: 10    God:
Gold:   225        SH:  0    Dex: 20    Spells: 6/6 levels left

rFire   . . .      SeeInvis .   p - +0 arbalest
rCold   . . .      Faith    .   (shield currently unavailable)
rNeg    + . .      Spirit   +   b - +0 leather armour
rPois   .          Reflect  .   h - +1 helmet
rElec   .          Harm     .   (no cloak)
rCorr   .          Rampage  .   j - +1 pair of gloves
Will    .....                   (no boots)
Stlth   +++.......              g - amulet of guardian spirit
HPRegen 0.13/turn               e - +4 ring of evasion
MPRegen 0.10/turn               l - ring of positive energy

@: mighty, lethally poisoned (0 -> -18), hasted, very quick
A: small, no large weapons, nightstalker 3
a: no special abilities


You were on level 4 of the Dungeon.
You visited 2 branches of the dungeon, and saw 6 of its levels.

You collected 225 gold pieces.

Inventory:

Hand Weapons
 p - a +0 arbalest (weapon)
Missiles
 d - 2 throwing nets
Armour
 b - a +0 leather armour (worn)
 h - a +1 helmet (worn)
 j - a +1 pair of gloves (worn)
Jewellery
 e - a +4 ring of evasion (left hand)
 g - an amulet of guardian spirit (around neck)
 l - a ring of positive energy (right hand)
 o - a ring of fire
Scrolls
 a - a scroll of identify
 c - 2 scrolls of immolation
 f - 3 scrolls of teleportation
 i - 3 scrolls of magic mapping


   Skills:
 - Level 2.1 Fighting
 + Level 10.4 Crossbows
 - Level 2.4 Dodging
 - Level 1.3 Stealth


You had 6 spell levels left.
You didn't know any spells.
Your spell library contained the following spells:

 Spells                   Type           Power      Damage    Failure   Level
 Corpse Rot               Necr/Air       0%         N/A       63%         2
 Dispel Undead            Necr           0%         3d6       99%         4
 Death Channel            Necr           0%         N/A       100%        6


Dungeon Overview and Level Annotations

Branches:
Dungeon (5/15)             Temple (1/1) D:4

Altars:
Ashenzari
Cheibriados
Elyvilon
Fedhas
Gozag
Hepliaklqana
Kikubaaqudgha
Nemelex Xobeh
Ru
Sif Muna
Trog
Vehumet
Wu Jian
Xom
Zin
The Shining One


Innate Abilities, Weirdness & Mutations

You are small and have problems with some larger weapons.
You are completely attuned to the shadows.


Message History

You shoot a bolt.
You feel sick. Something hits you. Something hits you but does no damage.
You are lethally poisoned!
Shoot: p) +0 arbalest
Press: ? - help, Q - select action, (/) - cycle Shift-Dir - straight line You shoot a bolt.
* * * LOW HITPOINT WARNING * * *
You feel very sick. Something hits you but does no damage.
You are more poisoned.
You feel better. Something hits you but does no damage.
You are poisoned.
You feel better. Something hits you.
You are poisoned.
You feel yourself speed up.
You feel very sick. Something hits you.
You are lethally poisoned!
Shoot: p) +0 arbalest
Press: ? - help, Q - select action, (/) - cycle Shift-Dir - straight line You shoot a bolt.
You feel very sick. Something hits you.
You are more poisoned.
Shoot: p) +0 arbalest
Press: ? - help, Q - select action, (/) - cycle Shift-Dir - straight line You shoot a bolt.
Reactivating autopickup.
You feel a bit more experienced.
* * * LOW HITPOINT WARNING * * *
You feel very sick.
There is a lethal amount of poison in your body!
There is a lethal amount of poison in your body!
There is a lethal amount of poison in your body!
Okay, then.
You feel very mighty all of a sudden.
* * * LOW HITPOINT WARNING * * *
You feel very sick.
There is a lethal amount of poison in your body!
You die...

#............# #............#
#............# #............#
#............############
#..........(.#...........
#............#.##########
#........)...#.# #
#.......@....#.# #
#########............#.##########
...............#######.##......##
..).........#.## #.##.####.##
###########.#.########.##.# #.##
....................##.##.# #.##
###...#############.##.##.# #.##
..................#.##.##.# #.##
###.#####.........#.##.##.# #.##


There were no monsters in sight!

Vanquished Creatures
  A phantom (D:4)
  A hound (D:4)
  An orc priest (D:4)
  2 iguanas (D:4)
  2 orc wizards (D:4)
  4 gnolls (D:4)
  5 adders
  4 worms
  4 orcs
  8 bats
  3 endoplasms
  4 giant cockroaches (D:2)
  9 goblins
  7 hobgoblins
  2 jackals (D:4)
  2 quokkas (D:1)
  7 ball pythons
  3 frilled lizards
  6 kobolds
  7 rats
82 creatures vanquished.

Vanquished Creatures (others)
  2 plants (D:1)
2 creatures vanquished.

Grand Total: 84 creatures vanquished

Notes
Turn   | Place    | Note
-------+----------+-------------------------------------------
     0 | D:1      | HoaS the Kobold Hunter began the quest for the Orb.
     0 | D:1      | Reached XP level 1. HP: 12/12 MP: 1/1
   194 | D:1      | Reached XP level 2. HP: 14/17 MP: 2/2
   305 | D:1      | Reached skill level 6 in Crossbows
   319 | D:1      | Found a faded altar of an unknown god.
   464 | D:1      | Reached XP level 3. HP: 21/21 MP: 3/3
  1058 | D:2      | Reached skill level 7 in Crossbows
  1058 | D:2      | Reached XP level 4. HP: 26/26 MP: 4/4
  1536 | D:3      | Reached XP level 5. HP: 30/30 MP: 5/5
  1649 | D:3      | Reached skill level 8 in Crossbows
  2619 | D:4      | Reached skill level 9 in Crossbows
  2619 | D:4      | Reached XP level 6. HP: 35/35 MP: 6/6
  2871 | D:4      | Found a white marble altar of Elyvilon.
  3044 | D:4      | Reached skill level 10 in Crossbows
  3122 | D:4      | Found a staircase to the Ecumenical Temple.
  3128 | Temple   | Entered the Ecumenical Temple
  3282 | D:4      | Reached XP level 7. HP: 40/40 MP: 7/7
  3622 | D:5      | Entered Level 5 of the Dungeon
  3677 | D:4      | Succumbed to an orc wizard's poison

Illustrated notes

Levels and vault maps discovered:
D:1:      tarquinn_simple_flora_water_b, layout_loops_cross,
          hellmonk_ecumenical_altar_pennies_from_heaven
D:2:      layout_rooms, serial_glass, glass_columns_a, glass_columns_b,
          minmay_split_cup_small
D:3:      layout_rooms, minmay_surrounded
D:4:      layout_basic, elyvilon_altar_4, temple_hall
D:5:      layout_rooms, lemuel_doored_altar, amcnicky_altar_gilded,
          serial_shops, nicolae_shop_window_shopping, minmay_misc_feat_enclosed
Temple:   nicolae_temple_no_exploring_needed

Skill      XL: |  1  2  3  4  5  6 |
---------------+-------------------+-----
Crossbows      | 6 7 9 10 | 10.4
Fighting       | |  2.1
Dodging        | |  2.4
Stealth        | |  1.3

Action                   |  1- 3 |  4- 6 |  7- 9 || total
-------------------------+-------+-------+-------++-------
 Fire: Hand crossbow     |    75 |   142 |       ||   217
       Arbalest          |       |     8 |    12 ||    20
  Use: Scroll            |       |    11 |       ||    11
       Potion            |       |       |     4 ||     4
Armor: Leather armour    |     4 |    21 |     8 ||    33
Dodge: Dodged            |    27 |    70 |    13 ||   110

Table legend: (Time is in decaauts)
 A = Elapsed time spent in this place.
 B = Non-inter-level travel time spent in this place.
 C = Inter-level travel time spent in this place.
 D = Time resting spent in this place.
 E = Time spent auto-exploring this place.
 F = Levels seen in this place.
 G = Mean time per level.
                   A        B        C        D        E       F      G
               +--------+--------+--------+--------+--------+-----+--------+
         Total |   3720 |   3596 |    124 |    489 |   2591 |   6 |  620.0 |
       Dungeon |   3695 |   3571 |    124 |    489 |   2582 |   5 |  739.0 |
        Temple |     24 |     24 |      0 |      0 |      9 |   1 |   24.0 |
               +--------+--------+--------+--------+--------+-----+--------+

Top non-repeatable levels by time:
     D:4: 1662 daAuts
     D:1: 976 daAuts
     D:2: 509 daAuts
     D:3: 504 daAuts
     D:5: 43 daAuts
  Temple: 24 daAuts
